Map: Blackpink LE

Players

Zordiak

  • Race: Zerg Zerg
  • League: Diamond
  • Spawn Location: 1:00

Dessa - Winner!

  • Race: Zerg Zerg
  • League: Diamond
  • Spawn Location: 7:00

VOD

Have the link to the VOD?

Description

Time

  • Played on: Jan. 11, 2018, 7:20 a.m.
  • Length: 7:39
Show
View Real Time Build Order
Export as new Build Order

Zordiak Zerg 

Build Orders: Pool First 

Get SALT Encoding   

  12  0:01  Drone  
  13  0:08  Drone  
  14  0:16  Overlord  
  14  0:35  Drone  
  14  0:36  Drone x2  
  14  0:40  Extractor  
  16  0:46  Drone  
  17  0:53  Spawning Pool  
  16  0:57  Drone  
  17  1:14  Drone  
  18  1:25  Drone, Hatchery  
  18  1:41  Metabolic Boost  
  18  1:43  Zergling x4  
  20  1:51  Queen  
  22  1:58  Overlord  
  22  2:18  Zergling x4  
  24  2:28  Drone  
  25  2:36  Queen  
  25  2:38  Drone x2  
  25  2:43  Baneling Nest  
  28  2:47  Drone  
  28  2:48  Drone  
  30  2:56  Zergling x2  
  31  3:02  Queen  
  31  3:04  Zergling x6  
  36  3:10  Overlord  
  36  3:29  Drone  
  36  3:30  Drone x3  
  40  3:49  Hatchery  
  40  3:50  Evolution Chamber  
  40  3:53  Drone  
  40  3:55  Baneling, Roach Warren  
  39  3:56  Baneling  
  39  3:57  Baneling  
  39  3:58  Baneling  
  39  4:01  Drone  
  39  4:10  Drone x3  
  39  4:12  Drone  
  39  4:14  Drone  
  44  4:19  Baneling  
  44  4:20  Baneling x4  
  44  4:37  Lair  
  44  4:39  Overlord x2  
  44  4:57  Extractor  
  44  4:58  Extractor, Zerg Missile Weapons Level 1  
  44  4:59  Drone  
  45  5:00  Drone x4  
  45  5:01  Drone x5  
  52  5:08  Queen  
  54  5:29  Drone x2  
  54  5:30  Drone  
  54  5:32  Extractor  
  56  5:45  Overseer  
  56  5:49  Glial Reconstitution  
  56  5:56  Drone  
  57  5:57  Drone x6, Hydralisk Den, Evolution Chamber  
  57  5:58  Overlord  
  57  5:59  Overlord  
  57  6:03  Spore Crawler  
  60  6:04  Drone  
  60  6:05  Drone x3  
  60  6:07  Spore Crawler  
  63  6:13  Roach  
  63  6:15  Overlord x2  
  64  6:31  Roach  
  64  6:32  Roach x7  
  80  6:36  Spore Crawler  
  80  6:39  Spore Crawler  
  78  6:43  Spore Crawler  
  77  6:57  Roach  
  77  6:58  Roach x2  
Show
View Real Time Build Order
Export as new Build Order

Dessa Zerg - Winner!

Build Orders: Pool First 

Get SALT Encoding   

  12  0:00  Drone  
  13  0:13  Overlord  
  13  0:19  Drone  
  14  0:31  Drone x2  
  16  0:36  Drone  
  16  0:40  Extractor  
  16  0:46  Drone  
  17  0:57  Spawning Pool  
  16  0:58  Drone  
  17  1:19  Hatchery  
  17  1:24  Drone  
  17  1:26  Drone  
  17  1:32  Overlord  
  18  1:43  Zergling x2  
  18  1:44  Metabolic Boost  
  19  1:52  Zergling x2  
  20  1:58  Queen  
  22  2:04  Drone  
  23  2:19  Baneling Nest  
  23  2:20  Zergling x2  
  23  2:30  Queen  
  23  2:31  Zergling x2  
  23  2:32  Drone  
  27  2:43  Zergling x4  
  29  2:48  Spine Crawler  
  29  2:49  Drone  
  29  2:59  Overlord  
  29  3:05  Baneling x2  
  29  3:06  Baneling  
  29  3:07  Baneling  
  29  3:20  Drone  
  29  3:21  Drone x4  
  34  3:33  Drone  
  35  3:35  Drone  
  35  3:41  Zergling x6  
  39  3:43  Drone  
  40  3:52  Drone  
  40  3:55  Roach Warren  
  40  3:58  Extractor  
  39  4:06  Drone x5  
  44  4:11  Overlord  
  44  4:22  Lair  
  43  4:27  Overlord  
  43  4:31  Drone x5  
  48  4:42  Overlord  
  48  4:47  Drone x2  
  48  4:51  Overlord  
  50  4:56  Evolution Chamber  
  50  4:58  Evolution Chamber  
  48  5:03  Drone x2  
  50  5:17  Roach x4  
  50  5:20  Glial Reconstitution  
  58  5:22  Hatchery  
  58  5:28  Zerg Missile Weapons Level 1  
  57  5:29  Zerg Ground Armor Level 1  
  57  5:31  Roach  
  59  5:43  Extractor x2  
  59  5:44  Drone x2  
  59  5:46  Overlord  
  59  5:51  Overlord  
  59  5:56  Overlord  
  59  6:08  Roach x4  
  59  6:09  Overlord  
  69  6:11  Roach x3  
  69  6:12  Roach  
  69  6:15  Ravager  
  75  6:32  Ravager x2  
  77  6:34  Roach  
  77  6:35  Zergling x16  
  77  6:36  Zergling x2  
  77  6:39  Queen  
  87  7:26  Drone x4  
Tags
 
Matchup
ZvZ
Race
Zerg
Replay Pack
2017S4
Spawn Locations
Cross Positions
Add a new tag
Caveats
  • Supply blocks, unpowered buildings, or Contaminate may cause inaccurate times.
  • Supply counts are checked every 10 seconds.